 Dungeon Crawl Stone Soup version 0.23-a0-29-g1be82e5 (webtiles) character file.

287 mhoghedin the Conjurer (level 6, -3/36 HPs)
             Began as a Kobold Conjurer on Aug 3, 2018.
             Slain by Crazy Yiuf
             ... wielding a +4 quarterstaff of chaos
              (15 damage)
             ... on level 3 of the Dungeon.
             The game lasted 00:07:51 (3266 turns).

mhoghedin the Conjurer (Kobold Conjurer)            Turns: 3266, Time: 00:07:51

Health: -3/36      AC:  3    Str:  5    XL:     6   Next: 56%
Magic:  9/10       EV: 16    Int: 18    God:
Gold:   107        SH:  0    Dex: 16    Spells: 4/10 levels left

rFire    . . .     SeeInvis .   i - +0 short sword (venom)
rCold    . . .     Gourm    .   (shield restricted)
rNeg     . . .     Faith    .   a - +0 robe
rPois    .         Spirit   .   (no helmet)
rElec    .         Reflect  .   (no cloak)
rCorr    .         Harm     .   (no gloves)
MR       .....                  g - +0 pair of boots
Stlth    +++.......             (no amulet)
HPRegen  0.12/turn              (no ring)
MPRegen  0.12/turn              (no ring)

@: no status effects
A: small, carnivore
a: no special abilities


You were on level 3 of the Dungeon.
You were very full.

You visited 1 branch of the dungeon, and saw 3 of its levels.

You collected 107 gold pieces.

Inventory:

Hand Weapons
 i - a +0 short sword of venom (weapon)
   (You took it off a kobold on level 1 of the Dungeon)
Armour
 a - a +0 robe (worn)
 g - a +0 pair of boots (worn)
   (You found it on level 2 of the Dungeon)
Scrolls
 b - 2 scrolls of identify
 d - 2 scrolls of magic mapping {unknown}
 e - 2 scrolls of fog
Potions
 f - 4 potions of flight
 h - a potion of might
 j - 3 potions of haste {unknown}
 l - a potion of agility {unknown}
Comestibles
 c - 6 rations


   Skills:
 - Level 2.5 Fighting
 - Level 3.1 Short Blades
 - Level 3.1 Dodging
 - Level 4.6 Stealth
 - Level 2.8 Spellcasting
 + Level 4.8 Conjurations
 + Level 1.5 Hexes


You had 4 spell levels left.
You knew the following spells:

 Your Spells              Type           Power        Failure   Level  Hunger
a - Magic Dart            Conj           ###.         2%          1    None
b - Searing Ray           Conj           ###...       3%          2    ##.....
c - Dazzling Spray        Conj/Hex       ##....       14%         3    ###....

Your spell library contained the following spells:

 Spells                   Type           Power        Failure   Level  Hunger
 Iskenderun's Mystic Bla  Conj           ###.....     22%         4    ####...
 Fulminant Prism          Conj/Hex       ##........   41%         4    ####...
 Force Lance              Conj/Tloc      ##......     52%         4    ####...


Dungeon Overview and Level Annotations

Branches:
Dungeon (3/15)

Altars:

Annotations:
D:3 Crazy Yiuf


Innate Abilities, Weirdness & Mutations

You are small and have problems with some larger weapons.
You are carnivorous and can eat meat at any time.


Message History

You hit the giant cockroach but do no damage.
The giant cockroach closely misses you.
You hit the giant cockroach.
The giant cockroach is poisoned.
You kill the giant cockroach!
You see here a giant cockroach corpse.
You now have 107 gold pieces (gained 10).
b - 2 scrolls of identify (gained 1)
You open the large door.
A kobold comes into view. It is wielding a dagger.
Found an escape hatch in the floor.
A kobold is nearby!
There is a large open door here.
The kobold hits you but does no damage.
You hit the kobold but do no damage. The kobold barely misses you.
You miss the kobold. The kobold hits you but does no damage.
You hit the kobold but do no damage. The kobold hits you but does no damage.
You hit the kobold but do no damage.
The kobold is poisoned.
The kobold hits you with a dagger.
You take 2 damage, and have 34/36 hp.
You barely miss the kobold. The kobold hits you with a dagger.
You take 3 damage, and have 31/36 hp.
A kobold is nearby!
A kobold is nearby!
You hit the kobold but do no damage.
The kobold looks as sick as possible!
The kobold hits you with a dagger.
You take 2 damage, and have 29/36 hp.
You barely miss the kobold.
You kill the kobold!
No target in view!
Things that are here:
a dagger; 2 stones; a kobold corpse You open the door.
You see here a mace.
Found a runed mace.
You see here a mace.
Health restored: 36 You see here a mace.
You see here a mace.
You see here a runed mace.
You see here a mace.
You see here a mace.
You see here a mace.
You see here a mace.
The giant cockroach is too close now for your liking.
The giant cockroach bites you.
You take 2 damage, and have 34/36 hp.
You hit the giant cockroach.
The giant cockroach is poisoned.
You kill the giant cockroach!
No target in view!
You see here 23 stones.
You open the door.
There is an open door here.
There is an open door here.
There is a stone staircase leading down here.
You see here a leather armour.
You see here 16 bolts.
You see here a mace.
You see here a mace.
You see here a mace.
You see here a mace.
You see here a runed mace.
Partly explored, unopened runed door.
Health restored: 36 You open the door.
Crazy Yiuf the Enlightened comes into view.
He is wielding a quarterstaff of chaos.
There is an open door here.
Aim: Crazy Yiuf, wielding a quarterstaff of chaos and wearing an embroidered cloak The spray of energy hits Crazy Yiuf.
Crazy Yiuf is dazzled.
You now have 7/10 mp.
You barely miss Crazy Yiuf. You closely miss Crazy Yiuf.
Crazy Yiuf hits you with a quarterstaff of chaos!
Crazy Yiuf burns you.
You take 18 damage, and have 18/36 hp.
MASSIVE DAMAGE!!
You hit Crazy Yiuf but do no damage.
Crazy Yiuf is poisoned.
Crazy Yiuf hits you with a quarterstaff of chaos!
* * * LOW HITPOINT WARNING * * *
You take 8 damage, and have 10/36 hp.
MASSIVE DAMAGE!!
Crazy Yiuf says, "Mama!
Whippet turtle agre."
You see here a runed mace.
You see here a mace.
You see here a mace.
Crazy Yiuf is no longer blind.
You see here a mace.
You aren't carrying any items that you can evoke.
Aim: Crazy Yiuf, wielding a quarterstaff of chaos and wearing an embroidered cloak (heavily wounded, poisoned)
Okay, then.
Unknown command.
Unknown command.
You see here a mace.
Crazy Yiuf whimpers, "Adder!
Mama forty-two fast."
Crazy Yiuf yells, "Blight!
Cholesterol Xom snockshim."
Crazy Yiuf says, "Crazy?
Crazy!?
PORCUPINE!"
Crazy Yiuf cries, "Island disdain ena!"
Crazy Yiuf cries, "Peeping sing-song chair!"
You hit Crazy Yiuf.
Crazy Yiuf looks even sicker.
Crazy Yiuf hits you with a quarterstaff of chaos!
You die...

##################
#.................
#.#############.##
#.# #.# #.# #.#
#.# #.# #.# #.#
#.# #.# #@# #.#
#g# #.# #.# #.#
#.# #.# #.#
########.# #.#
#.....##.# ##.##
#.....##.# #...##
#.....##.# #....#
#.....##.#


You could see Crazy Yiuf.

Vanquished Creatures
  An ogre (D:3)
  A crimson imp (D:3)
  Jessica (D:2)
  5 adders
  5 worms
  2 dart slugs
  An orc (D:3)
  6 giant cockroaches
  12 hobgoblins
  2 jackals (D:1)
  8 kobolds
  8 bats
  6 frilled lizards
  15 goblins
  7 rats
80 creatures vanquished.

Notes
Turn   | Place    | Note
-------+----------+-------------------------------------------
     0 | D:1      | mhoghedin the Kobold Conjurer began the quest for the Orb.
     0 | D:1      | Reached XP level 1. HP: 10/10 MP: 3/3
   303 | D:1      | Reached XP level 2. HP: 10/15 MP: 0/5
   348 | D:1      | Learned a level 2 spell: Searing Ray
   630 | D:1      | Reached XP level 3. HP: 19/19 MP: 4/7
   829 | D:1      | Reached skill level 3 in Stealth
  1084 | D:1      | Reached skill level 1 in Short Blades
  1491 | D:2      | Reached skill level 1 in Fighting
  1594 | D:2      | Reached XP level 4. HP: 25/25 MP: 8/8
  1601 | D:2      | Learned a level 3 spell: Dazzling Spray
  1626 | D:2      | Noticed Jessica
  1679 | D:2      | Killed Jessica
  1679 | D:2      | Reached skill level 2 in Short Blades
  2020 | D:2      | Reached XP level 5. HP: 30/30 MP: 9/9
  2069 | D:2      | Reached skill level 4 in Stealth
  2095 | D:3      | Found a faded altar of an unknown god.
  2155 | D:3      | Reached skill level 2 in Fighting
  2303 | D:3      | Noticed an ogre
  2346 | D:3      | Killed an ogre
  2346 | D:3      | Reached skill level 3 in Short Blades
  2346 | D:3      | Reached skill level 3 in Dodging
  2346 | D:3      | Reached XP level 6. HP: 27/36 MP: 4/10
  2608 | D:3      | Reached skill level 1 in Hexes
  3012 | D:3      | Found a runed door.
  3243 | D:3      | Noticed Crazy Yiuf
  3266 | D:3      | Slain by Crazy Yiuf

Vault maps used:
D:1:      matt_arrival_refuge
D:2:      first_ration, uniq_jessica
D:3:      kennysheep_big_flooded_room, chequers_ecumenical_altar_simple_redux,
          minivault_23, eino_tiny_chamber, uniq_crazy_yiuf_cottage

Skill      XL: |  1  2  3  4  5  6 |
---------------+-------------------+-----
Stealth        | 3 4 |  4.6
Short Blades   | 1 2 3 |  3.1
Fighting       | 1 2 |  2.5
Dodging        | 3 |  3.1
Hexes          | 1 |  1.5
Spellcasting   | |  2.8
Conjurations   | |  4.8

Action                   |  1- 3 |  4- 6 || total
-------------------------+-------+-------++-------
Melee: Dagger            |    35 |       ||    35
       Short sword       |    60 |   107 ||   167
 Cast: Magic Dart        |    18 |       ||    18
       Searing Ray       |     4 |     2 ||     6
       Dazzling Spray    |       |     6 ||     6
  Use: Potion            |     1 |       ||     1
       Scroll            |     4 |     4 ||     8
 Stab: Sleeping          |     4 |    10 ||    14
  Eat: Chunk             |     9 |     6 ||    15
Armor: Robe              |    31 |    10 ||    41
Dodge: Dodged            |   132 |    74 ||   206

Table legend:
 A = Spawn XP
 B = Non-spawn XP
 C = Spawn XP percentage of total XP
 D = Spawn monster count
 E = Non-spawn monster count
 F = Spawn count percentage of total count
 G = Total turns spent on level
                    A         B        C        D         E        F      G
               +---------+---------+-------+---------+---------+-------+---------
         Total |       0 |     410 |   0.0 |       0 |      80 |   0.0 |  3266
               +---------+---------+-------+---------+---------+-------+---------
           D:1 |       0 |      58 |   0.0 |       0 |      35 |   0.0 |  1417
           D:2 |       0 |      88 |   0.0 |       0 |      20 |   0.0 |   885
           D:3 |       0 |     264 |   0.0 |       0 |      25 |   0.0 |   964
               +---------+---------+-------+---------+---------+-------+---------

Vault maps used:
D:1:      matt_arrival_refuge
D:2:      first_ration, uniq_jessica
D:3:      kennysheep_big_flooded_room, chequers_ecumenical_altar_simple_redux,
          minivault_23, eino_tiny_chamber, uniq_crazy_yiuf_cottage

Table legend:
 A = Turns spent in this place as a percentage of turns spent in the entire game.
 B = Non-inter-level travel turns spent in this place as a percentage of non-inter-level travel turns spent in the entire game.
 C = Inter-level travel turns spent in this place as a percentage of turns spent in this place.
 D = Turns resting spent in this place as a percentage of non-inter-level travel turns spent in this place.
 E = Turns spent auto-exploring this place as a percentage of non-inter-level travel turns spent in this place.
 F = Non-inter-level travel turns spent in this place divided by the number of levels of this place that you've seen.
                   A       B       C       D       E      F
               +-------+-------+-------+-------+-------+----------------------
         Total | 100.0 | 100.0 |   1.2 |  31.0 |  43.3 | 1076.0
       Dungeon | 100.0 | 100.0 |   1.2 |  31.0 |  43.3 | 1076.0
               +-------+-------+-------+-------+-------+----------------------

Table legend:
 A = Kills in this place as a percentage of kills in entire the game.
 B = Kills by you in this place as a percentage of kills by you in the entire game.
 C = Kills by friends in this place as a percentage of kills by friends in the entire game.
 D = Other kills in this place as a percentage of other kills in the entire game.
 E = Experience gained in this place as a percentage of experience gained in the entire game.
 F = Experience gained in this place divided by the number of levels of this place that you have seen.
                   A       B       C       D       E      F
               +-------+-------+-------+-------+-------+----------------------
         Total | 100.0 | 100.0 |   N/A |   N/A | 100.0 | 136.7
       Dungeon | 100.0 | 100.0 |   N/A |   N/A | 100.0 | 136.7
               +-------+-------+-------+-------+-------+----------------------
